Map: [ESL] Inside and Out

Players

Serral - Winner!

  • Race: Zerg Zerg
  • Spawn Location: 1:00

KingCobra

  • Race: Protoss Protoss
  • Spawn Location: 7:00

Event: DreamHack SC2 Masters 2022 Atlanta (Online)

VOD

Have the link to the VOD?

Description

Time

  • Played on: Oct. 8, 2022, 1:49 p.m.
  • Length: 17:48

All games in this series

Show
View Real Time Build Order
Export as new Build Order

Serral Zerg - Winner!

Build Orders: Pool First 

Get SALT Encoding   

  12  0:00  Drone  
  13  0:11  Overlord  
  13  0:16  Drone  
  14  0:30  Drone x2  
  14  0:34  Drone  
  17  0:43  Spawning Pool  
  17  0:48  Drone  
  17  1:08  Drone  
  18  1:14  Hatchery  
  18  1:16  Drone  
  18  1:18  Extractor  
  17  1:30  Zergling x2, Queen  
  17  1:32  Drone  
  21  1:40  Overlord  
  21  1:52  Drone  
  22  2:05  Queen  
  22  2:06  Zergling x2  
  25  2:12  Drone  
  26  2:17  Hatchery  
  25  2:23  Zergling x2  
  25  2:26  Zergling x2  
  27  2:38  Zergling x2  
  27  2:39  Zergling x6  
  31  2:49  Overlord  
  30  2:52  Zergling x4  
  31  3:00  Zergling x4  
  32  3:10  Zergling x4  
  30  3:22  Drone x4  
  33  3:28  Queen  
  37  3:34  Drone x2  
  37  3:43  Drone x2  
  37  3:45  Drone  
  40  3:57  Hatchery  
  40  3:58  Metabolic Boost  
  39  4:07  Overlord  
  39  4:09  Drone x2  
  41  4:10  Drone  
  41  4:12  Drone  
  41  4:14  Drone  
  44  4:22  Overlord  
  44  4:28  Overlord  
  44  4:29  Drone x3  
  47  4:32  Drone  
  47  4:34  Drone x2  
  50  4:40  Drone x3  
  53  4:49  Overlord  
  53  4:50  Lair  
  53  4:52  Drone x3  
  56  4:55  Drone  
  56  4:56  Drone  
  58  5:00  Drone x2  
  58  5:02  Drone  
  61  5:07  Zergling x2  
  61  5:14  Zergling x6  
  64  5:19  Queen  
  64  5:20  Extractor, Overlord x2  
  64  5:21  Extractor  
  65  5:23  Drone x2  
  65  5:27  Overlord  
  67  5:29  Spore Crawler  
  67  5:30  Drone  
  67  5:31  Drone  
  68  5:35  Drone  
  68  5:36  Drone x3  
  68  5:39  Overlord  
  68  5:42  Drone  
  73  5:46  Extractor  
  73  5:47  Drone x2  
  73  5:49  Queen  
  74  5:51  Hydralisk Den  
  74  5:54  Drone  
  74  5:55  Overseer  
  75  5:59  Extractor  
  75  6:02  Evolution Chamber  
  75  6:03  Drone x3  
  76  6:09  Spore Crawler  
  75  6:12  Drone x3  
  75  6:13  Drone x2  
  75  6:14  Spore Crawler  
  79  6:23  Muscular Augments  
  79  6:24  Hydralisk x5  
  89  6:33  Zerg Missile Weapons Level 1  
  89  6:35  Queen x2  
  89  6:36  Extractor  
  89  6:38  Queen  
  93  6:45  Hydralisk x3  
  99  6:48  Drone  
  100  6:55  Hydralisk x3  
  100  7:00  Overlord x2  
  104  7:01  Overlord  
  104  7:04  Overlord  
  104  7:10  Overlord  
  104  7:18  Pneumatized Carapace  
  104  7:20  Drone x4  
  104  7:21  Drone x3  
  111  7:24  Hydralisk x2  
  111  7:29  Hydralisk x2  
  115  7:34  Grooved Spines  
  115  7:35  Hydralisk x2  
  122  7:40  Hydralisk x2  
  124  7:50  Hydralisk x3  
  130  7:51  Infestation Pit  
  130  7:57  Hatchery  
  129  7:58  Hydralisk x3  
  134  8:06  Overlord x2  
  134  8:08  Overlord  
  130  8:14  Overlord  
  130  8:26  Hydralisk  
  130  8:27  Hydralisk x5  
  130  8:30  Drone  
  130  8:32  Hatchery  
  142  8:39  Hydralisk x5  
  150  8:47  Hydralisk x2  
  145  8:51  Hydralisk  
  145  8:52  Hydralisk  
  145  8:57  Hydralisk  
  145  9:02  Overlord x2  
  135  9:11  Zergling x16  
  141  9:18  Pathogen Glands, Burrow  
  138  9:30  Zergling x2, Hydralisk  
  138  9:31  Zergling x2  
  142  9:34  Zerg Ground Armor Level 1  
  142  9:35  Queen, Drone x3  
  147  9:43  Zergling x2  
  148  9:49  Infestor x2  
  148  9:50  Queen  
  154  9:54  Drone x4  
  154  9:55  Extractor  
  154  9:56  Extractor  
  154  10:05  Drone x4  
  153  10:08  Queen, Infestor  
  153  10:14  Neural Parasite  
  153  10:16  Hydralisk x2  
  153  10:17  Hydralisk x2  
  153  10:21  Overlord  
  161  10:26  Queen  
  161  10:27  Drone  
  164  10:32  Drone  
  164  10:33  Drone x2  
  164  10:34  Overlord x3  
  167  10:39  Hive  
  167  10:40  Drone  
  167  10:41  Infestor x5  
  170  10:46  Hatchery  
  170  10:47  Hydralisk  
  170  10:48  Hydralisk x2  
  175  10:55  Spire  
  175  10:57  Infestor  
  174  10:59  Zergling x8  
  175  11:04  Hydralisk x2  
  175  11:05  Zergling x4  
  179  11:11  Drone  
  179  11:12  Evolution Chamber  
  179  11:14  Zergling x12  
  179  11:17  Overseer  
  185  11:19  Infestor  
  185  11:20  Infestor x2  
  185  11:25  Drone x2  
  187  11:29  Hydralisk, Zerg Missile Weapons Level 2  
  187  11:30  Hydralisk x2  
  187  11:31  Zergling x10  
  198  11:37  Zerg Ground Armor Level 2  
  198  11:41  Infestor x3  
  197  11:49  Overlord  
  170  12:10  Extractor, Zerg Flyer Armor Level 1  
  170  12:11  Drone x4  
  170  12:12  Drone x2, Extractor  
  170  12:14  Zergling x16  
  170  12:15  Adrenal Glands  
  173  12:23  Infestor x3  
  173  12:25  Corruptor x4  
  173  12:26  Corruptor x5  
  180  12:37  Corruptor  
  180  12:42  Ultralisk Cavern  
  181  12:48  Corruptor x3  
  187  12:55  Hatchery  
  186  13:05  Corruptor x5  
  183  13:12  Drone x3  
  196  13:14  Infestor x3  
  196  13:17  Zergling x2  
  196  13:18  Zergling x6  
  180  13:38  Corruptor x6  
  180  13:40  Chitinous Plating  
  178  13:42  Corruptor  
  178  13:43  Zergling x6  
  178  13:44  Zergling x6  
  186  13:52  Zergling x12  
  188  13:57  Zerg Melee Weapons Level 1  
  188  14:02  Zergling x14  
  195  14:05  Zerg Flyer Weapons Level 1  
  181  14:11  Overseer x2  
  181  14:13  Corruptor x3  
  181  14:21  Ultralisk  
  181  14:22  Overseer x2  
  187  14:27  Ultralisk  
  193  14:33  Ultralisk  
  193  14:36  Overseer  
  198  14:56  Zerg Ground Armor Level 3  
  198  14:59  Anabolic Synthesis  
  198  15:13  Extractor x2  
  196  15:20  Ultralisk  
  194  15:41  Corruptor  
  194  15:42  Corruptor x4  
  195  15:47  Corruptor x8  
  195  15:48  Overlord  
  195  15:49  Overlord x5  
  191  15:51  Overlord  
  191  16:04  Viper  
  194  16:13  Hatchery  
  190  16:38  Corruptor x9  
  180  16:56  Corruptor x7  
  180  17:03  Corruptor x2  
  184  17:16  Corruptor x4  
Show
View Real Time Build Order
Export as new Build Order

KingCobra Protoss 

Build Orders: Carriers 

Get SALT Encoding   

  12  0:00  Probe  
  13  0:12  Probe  
  14  0:18  Pylon  
  14  0:24  Probe  
  15  0:36  Gateway  
  15  0:38  Probe (Chrono Boost)  
  16  0:47  Probe (Chrono Boost)  
  17  0:52  Probe (Chrono Boost)  
  17  0:54  Forge  
  18  1:05  Pylon  
  18  1:24  Zealot (Chrono Boost), Probe  
  21  1:34  Pylon  
  21  1:39  Probe  
  22  1:40  Assimilator  
  22  1:50  Cybernetics Core  
  22  1:52  Zealot, Photon Cannon  
  24  2:02  Pylon  
  24  2:18  Nexus  
  24  2:26  Photon Cannon  
  24  2:37  Photon Cannon  
  24  2:40  Probe  
  25  2:51  Stalker (Chrono Boost)  
  25  2:58  Shield Battery  
  27  3:01  Pylon  
  27  3:14  Probe  
  27  3:19  Assimilator  
  24  3:23  Pylon  
  24  3:27  Photon Cannon  
  24  3:32  Probe  
  27  3:43  Probe  
  27  3:47  Probe (Chrono Boost)  
  28  3:54  Stargate  
  28  3:55  Probe (Chrono Boost)  
  27  3:58  Warp Gate  
  27  3:59  Probe (Chrono Boost)  
  28  4:05  Probe (Chrono Boost)  
  28  4:06  Probe (Chrono Boost)  
  30  4:10  Probe (Chrono Boost)  
  30  4:14  Probe (Chrono Boost)  
  30  4:15  Photon Cannon  
  32  4:21  Probe (Chrono Boost)  
  33  4:30  Pylon  
  35  4:31  Probe (Chrono Boost)  
  35  4:37  Probe x2 (Chrono Boost)  
  35  4:43  Void Ray (Chrono Boost)  
  40  4:48  Probe  
  40  4:50  Probe  
  40  4:51  Assimilator  
  42  4:54  Assimilator  
  42  5:00  Probe  
  42  5:02  Probe  
  44  5:09  Fleet Beacon  
  44  5:12  Probe  
  44  5:14  Probe  
  46  5:24  Probe  
  46  5:26  Probe  
  48  5:29  Stargate  
  48  5:33  Pylon  
  48  5:36  Probe  
  48  5:38  Probe  
  50  5:48  Probe  
  51  5:50  Probe, Protoss Air Weapons Level 1 (Chrono Boost)  
  51  5:51  Pylon  
  51  5:52  Carrier (Chrono Boost)  
  52  6:01  Probe  
  52  6:02  Probe  
  60  6:12  Zealot  
  62  6:18  Carrier (Chrono Boost)  
  62  6:19  Photon Cannon  
  68  6:27  Pylon  
  68  6:44  Nexus  
  68  6:49  Carrier  
  68  6:50  Pylon  
  74  6:57  Probe x2  
  76  7:02  Pylon  
  76  7:09  Probe x2  
  76  7:10  Photon Cannon  
  76  7:11  Shield Battery  
  76  7:13  Photon Cannon  
  78  7:17  Carrier  
  78  7:21  Probe x2  
  86  7:27  Assimilator  
  86  7:32  Assimilator  
  86  7:33  Pylon  
  86  7:36  Stargate  
  86  7:42  Probe x2  
  88  7:46  Pylon  
  88  7:54  Probe x2  
  88  7:57  Protoss Air Weapons Level 2 (Chrono Boost)  
  96  8:13  Photon Cannon  
  96  8:15  Photon Cannon  
  96  8:20  Photon Cannon  
  96  8:23  Shield Battery x2  
  96  8:24  Tempest (Chrono Boost)  
  96  8:25  Tempest (Chrono Boost)  
  101  8:37  Tempest (Chrono Boost)  
  99  9:00  Pylon  
  99  9:01  Pylon  
  99  9:05  Tempest x2  
  108  9:13  Tempest  
  106  9:25  Nexus  
  106  9:42  Twilight Council  
  106  9:50  Robotics Facility  
  105  9:55  Photon Cannon  
  104  10:11  Nexus  
  104  10:20  Templar Archives, Probe  
  104  10:21  Probe, Gateway  
  106  10:33  Probe x2  
  106  10:35  Pylon  
  108  10:37  Observer, Psionic Storm  
  109  10:43  Protoss Air Weapons Level 3 (Chrono Boost)  
  109  10:47  Gateway  
  109  10:48  Gateway  
  109  10:49  Probe x2  
  111  10:59  High Templar  
  113  11:06  Nexus  
  113  11:17  High Templar  
  115  11:23  Pylon  
  115  11:24  Pylon  
  115  11:27  Carrier  
  115  11:32  High Templar  
  123  11:42  High Templar  
  117  12:05  High Templar x2  
  104  12:10  Probe x2  
  106  12:16  Nexus  
  106  12:17  Photon Cannon, Pylon  
  106  12:26  Mothership (Chrono Boost)  
  115  12:39  Photon Cannon  
  115  12:40  Probe (Chrono Boost)  
  115  12:41  Photon Cannon  
  115  12:43  Carrier  
  115  12:46  Probe (Chrono Boost)  
  123  12:59  Probe (Chrono Boost)  
  124  13:16  Probe (Chrono Boost)  
  124  13:20  Carrier  
  124  13:23  Probe (Chrono Boost)  
  131  13:35  Probe (Chrono Boost)  
  132  13:43  Carrier  
  132  13:47  Pylon  
  140  13:51  Probe (Chrono Boost)  
  140  13:52  Probe (Chrono Boost)  
  140  13:57  Probe x2 (Chrono Boost)  
  140  13:58  Probe  
  138  14:17  Protoss Ground Weapons Level 1 (Chrono Boost)  
  138  14:18  Photon Cannon, High Templar x4  
  138  14:20  Shield Battery  
  138  14:22  Archon  
  138  14:23  Archon  
  146  14:24  Probe  
  146  14:25  Probe x2  
  146  14:28  Observer  
  156  14:55  Charge  
  156  14:58  Carrier (Chrono Boost)  
  162  15:17  Zealot  
  162  15:20  Pylon  
  164  15:22  Pylon  
  164  15:23  Pylon  
  164  15:31  Carrier (Chrono Boost)  
  152  15:47  Mothership (Chrono Boost)  
  142  15:53  Photon Cannon  
  142  15:55  Observer  
  151  15:57  Carrier (Chrono Boost)  
  157  16:09  Zealot x4  
  165  16:25  Observer  
  166  16:26  Nexus  
  134  16:58  Void Ray x2  
  118  17:05  Probe (Chrono Boost)  
  118  17:06  Probe (Chrono Boost)  
  128  17:13  High Templar x4  
  133  17:18  Archon x2  
  133  17:23  Probe x2 (Chrono Boost)  
Tags
 
Add a new tag
Caveats
  • Supply blocks, unpowered buildings, or Contaminate may cause inaccurate times.
  • Supply counts are checked every 10 seconds.